 Dungeon Crawl Stone Soup version 0.30.1-11-g7821555f0a (webtiles) character file.

Game seed: 4727953902959464299

1629 BiteMe the Firebug (level 8, -2/52 HPs)
             Began as a Demonspawn Fire Elementalist on Dec 29, 2023.
             Was an Initiate of Vehumet.
             Slain by a catoblepas (3 damage)
             ... while petrified by a catoblepas
             ... on level 8 of the Dungeon.
             The game lasted 01:09:11 (9572 turns).

BiteMe the Firebug (Demonspawn Fire Elementalist)   Turns: 9572, Time: 01:09:12

Health: -2/52      AC:  9    Str:  8    XL:     8   Next: 65%
Magic:  0/15       EV:  2    Int: 19    God:    Vehumet [......]
Gold:   206        SH:  0    Dex: 14    Spells: 14/17 levels left

rFire   + . .        z - +1 mace (heavy)
rCold   + . .        (no shield)
rNeg    + + +        I - +2 robe {rN+}
rPois   ∞            (helmet restricted)
rElec   +            (no cloak)
rCorr   +            q - +1 pair of gloves
SInv    .            K - +0 pair of boots
Will    +....        B - amulet of the acrobat
Stlth   ++           Z - ring of willpower
HPRegen 0.28/turn    Q - +5 ring of evasion
MPRegen 0.28/turn

%: acrobat, guardian spirit
@: resistant, petrified
A: horns 1, yellow scales 1, magic shield, magic regeneration, condensation
shield
a: Renounce Religion


You were on level 8 of the Dungeon.
You worshipped Vehumet.
Vehumet was noncommittal.
You visited 2 branches of the dungeon, and saw 9 of its levels.

You collected 290 gold pieces.
You spent 84 gold pieces at shops.

Inventory:

Hand Weapons
 h - a +1 dagger of freezing
 z - a +1 heavy mace (weapon)
 Y - a +0 scythe
Armour
 j - a +0 scale mail
 n - a +0 leather armour
 q - a +1 pair of gloves (worn)
 w - a +0 ring mail
 I - a +2 robe of positive energy (worn)
 K - a +0 pair of boots (worn)
 O - a +0 ring mail
 W - a +0 chain mail
Jewellery
 o - a ring of resist corrosion
 B - an amulet of the acrobat (around neck)
 J - a ring of positive energy
 Q - a +5 ring of evasion (right hand)
 Z - a ring of willpower (left hand)
Wands
 v - a wand of flame (14)
 C - a wand of roots (8)
 D - a wand of digging (7)
 X - a wand of polymorph (14)
Scrolls
 c - 2 scrolls of teleportation
 d - a scroll of enchant weapon {unknown}
 e - a scroll of amnesia {unknown}
 f - a scroll of immolation
 g - a scroll of blinking
 k - a scroll of fog
 r - a scroll of enchant armour {unknown}
 s - a scroll of poison
 t - a scroll of silence {unknown}
 F - 2 scrolls of fear
 P - a scroll of acquirement {unknown}
Potions
 i - a potion of degeneration {unknown}
 l - 5 potions of attraction
 m - a potion of heal wounds
 p - a potion of brilliance {unknown}
 x - a potion of resistance
 A - a potion of curing {unknown}
 H - 2 potions of flight
 L - a potion of haste {unknown}
 M - 4 potions of lignification
 R - a potion of ambrosia {unknown}
 T - a potion of berserk rage {unknown}
 V - a potion of experience {unknown}


   Skills:
 + Level 2.9 Dodging
 - Level 1.7 Stealth
 * Level 2.8 Shields
 + Level 5.2 Spellcasting
 + Level 3.5 Conjurations
 * Level 7.6 Fire Magic


You had 14 spell levels left.
You knew the following spells:

 Your Spells              Type           Power      Damage    Failure   Level
a - Foxfire               Conj/Fire      100%       2x1d9     1%          1
b - Scorch                Fire           68%        2d7       1%          2

Your spell library contained the following spells:

 Spells                   Type           Power      Damage    Failure   Level
 Inner Flame              Hex/Fire       19%        N/A       8%          3
 Volatile Blastmotes      Fire/Tloc      38%        2d13      8%          3
 Momentum Strike          Conj/Tloc      22%        3d8       9%          2
 Necrotise                Necr           20%        1d5       12%         1
 Flame Wave               Conj/Fire      26%        2d8       12%         4
 Blink                    Tloc           10%        N/A       19%         2
 Lesser Beckoning         Tloc           10%        N/A       19%         2
 Call Canine Familiar     Summ           5%         N/A       36%         3
 Gell's Gravitas          Tloc           5%         N/A       36%         3
 Portal Projectile        Hex/Tloc       10%        N/A       36%         3
 Teleport Other           Tloc           5%         N/A       36%         3
 Vampiric Draining        Necr           5%         2d6       36%         3
 Leda's Liquefaction      Hex/Erth       2%         N/A       77%         4
 Agony                    Necr           5%         N/A       98%         5


Dungeon Overview and Level Annotations

Branches:
Dungeon (8/15)             Temple (1/1) D:6
   Lair: D:8-11

Altars:
Ashenzari
Cheibriados
Dithmenos
Gozag
Nemelex Xobeh
Qazlal
Ru
Sif Muna
Trog
Vehumet
Wu Jian
Xom
Yredelemnul

Shops:
D:8 *


Innate Abilities, Weirdness & Mutations

You have a pair of small horns on your head.
You are partially covered in yellow scales. (AC +2)
When hurt, damage is shared between your health and your magic reserves.
You regenerate magic rapidly.
A meltable shield of frost defends you. (SH +4)


Message History

The catoblepas is moderately wounded.
The foxfire hits the catoblepas but does no damage.
The catoblepas is moderately wounded.
Casting: Foxfire (safe; 1% risk of failure)
Press: ? - help, Q - select action, (/) - cycle Dir - look around, f - activate You conjure some foxfire!
The catoblepas closely misses you.
Your foxfire dissipates!
The foxfire hits the catoblepas but does no damage.
The catoblepas is moderately wounded.
The catoblepas breathes a plume of calcifying dust at you.
The blast of calcifying dust hits you. Magic courses through your body.
You are engulfed in calcifying dust.
You are slowing down.
The catoblepas breathes a plume of calcifying dust at you.
The blast of calcifying dust hits you.
You feel protected.
You are engulfed in calcifying dust.
The catoblepas breathes a plume of calcifying dust at you.
The blast of calcifying dust hits you!
Your limbs are stiffening.
The catoblepas breathes a plume of calcifying dust at you.
The blast of calcifying dust hits you.
You have turned to stone.
You are engulfed in calcifying dust.
The catoblepas breathes a plume of calcifying dust at you.
The blast of calcifying dust hits you.
You are engulfed in calcifying dust.
The catoblepas gores you!
You are engulfed in calcifying dust.
The catoblepas gores you!!
* * * LOW HITPOINT WARNING * * *
You are engulfed in calcifying dust.
The catoblepas gores you!
* * * LOW HITPOINT WARNING * * *
The catoblepas breathes a plume of calcifying dust at you.
The blast of calcifying dust hits you.
* * * LOW HITPOINT WARNING * * *
You are engulfed in calcifying dust.
The catoblepas barely misses you.
You are engulfed in calcifying dust.
The catoblepas gores you!
* * * LOW HITPOINT WARNING * * *
You are engulfed in calcifying dust.
The catoblepas gores you!
* * * LOW HITPOINT WARNING * * *
You are engulfed in calcifying dust.
The catoblepas gores you!
You die...

..........#.#
.........##.#
.......####§#
......## ##.# ##..###
#..## ####
#...########
###..........#
*******#.......Y..#.#
*,,,,.....#####.@...#
,,*,..........###...#
,,,,..####......#.§.#
*,,,.##.........##.##
**,,.#.....###...#.#
**,,,#..##..u#...#)#
,,,,,*..#..).#...#.#
*,,*,,,,,.|......#.#
**,*,,,*,,..#..#...#


You could see a catoblepas and a cyan ugly thing.

Vanquished Creatures
  Sigmund (D:5)
  Duvessa (D:5)
  A black bear (D:6)
  2 centaurs
  A phantom (D:5)
  2 kobold brigands
  A bullfrog (D:6)
  3 scorpions
  4 wights
  Dowan (D:5)
  2 jellies (D:5)
  3 hounds
  2 iguanas (D:5)
  Natasha (twice) (D:3)
  4 adders
  2 ufetubi
  A worm (D:3)
  2 dart slugs
  5 orcs
  7 endoplasms
  5 giant cockroaches
  6 goblins
  11 hobgoblins
  8 jackals
  6 ball pythons
  A bat (D:3)
  2 frilled lizards
  21 kobolds
  3 rats (D:1)
110 creatures vanquished.

Vanquished Creatures (collateral kills)
  A foxfire (D:4)
1 creature vanquished.

Vanquished Creatures (others)
  350 foxfires
350 creatures vanquished.

Grand Total: 461 creatures vanquished

Notes
Turn   | Place    | Note
-------+----------+-------------------------------------------
     0 | D:1      | BiteMe the Demonspawn Fire Elementalist began the quest for
                  | the Orb.
     0 | D:1      | Reached XP level 1. HP: 13/13 MP: 3/3
   692 | D:2      | Reached skill level 3 in Fire Magic
   692 | D:2      | Gained mutation: You regenerate magic rapidly. [demonic
                  | ancestry]
   692 | D:2      | Reached XP level 2. HP: 19/19 MP: 0/5
  1698 | D:3      | Noticed Natasha
  1829 | D:2      | Learned a level 2 spell: Scorch
  2190 | D:1      | Gained mutation: When hurt, damage is shared between your
                  | health and your magic reserves. [demonic ancestry]
  2190 | D:1      | Reached XP level 3. HP: 24/24 MP: 3/6
  3002 | D:2      | Found a faded altar of an unknown god.
  3673 | D:3      | Killed Natasha
  3674 | D:3      | Gained mutation: A meltable shield of frost defends you.
                  | (SH +4) [demonic ancestry]
  3674 | D:3      | Reached XP level 4. HP: 30/30 MP: 3/8
  3767 | D:3      | Noticed Natasha
  3781 | D:3      | Killed Natasha
  3941 | D:3      | Reached skill level 4 in Fire Magic
  4061 | D:3      | Gained mutation: You have a pair of small horns on your
                  | head. [demonic ancestry]
  4061 | D:3      | Reached XP level 5. HP: 35/35 MP: 7/9
  4187 | D:5      | Entered Level 5 of the Dungeon
  4187 | D:5      | Noticed a phantom
  4198 | D:5      | Killed a phantom
  5477 | D:4      | Reached XP level 6. HP: 41/41 MP: 7/10
  6231 | D:4      | Found a shimmering blue altar of Sif Muna.
  6695 | D:5      | Reached skill level 5 in Fire Magic
  6710 | D:5      | Noticed Dowan
  6715 | D:5      | Killed Dowan
  6716 | D:5      | Reached skill level 1 in Shields
  6721 | D:5      | Noticed Duvessa
  7041 | D:5      | Reached XP level 7. HP: 46/46 MP: 5/12
  7412 | D:5      | Killed Duvessa
  7759 | D:5      | Noticed Sigmund
  7767 | D:5      | Killed Sigmund
  7768 | D:5      | Reached skill level 6 in Fire Magic
  8328 | D:6      | Gained mutation: You are partially covered in yellow
                  | scales. (AC +2) [demonic ancestry]
  8328 | D:6      | Reached XP level 8. HP: 52/52 MP: 6/14
  8397 | D:5      | Reached skill level 7 in Fire Magic
  8506 | D:6      | Reached skill level 5 in Spellcasting
  8948 | D:6      | Found a staircase to the Ecumenical Temple.
  8957 | Temple   | Entered the Ecumenical Temple
  8979 | Temple   | Became a worshipper of Vehumet
  9363 | D:8      | Found Piqanes's General Store.
  9477 | D:8      | Bought a scroll of fog for 48 gold pieces
  9477 | D:8      | Bought a potion of flight for 36 gold pieces
  9533 | D:8      | Noticed a catoblepas
  9537 | D:8      | Noticed a cyan ugly thing
  9571 | D:8      | HP: 1/52 [catoblepas (3)]
  9572 | D:8      | Slain by a catoblepas

Illustrated notes

Levels and vault maps discovered:
D:1:      ldierk_walled_garden_2, layout_loops_cross, serial_glass,
          glass_columns_a, glass_columns_b, due_unseen_surprise
D:2:      layout_basic, hellmonk_ecumenical_altar_heavens_door,
          mrwooster_statue_mirror, minmay_pentomino_q2
D:3:      layout_rooms, st_stairs_4, uniq_natasha
D:4:      minmay_diamond_boxcup, layout_layer_cave, led_sif_pool,
          saegor_snake_ambush
D:5:      layout_gridville, kennysheep_flooded_box, uniq_sigmund, uniq_duvessa
D:6:      layout_loops_cross, minmay_temple_entry_poolview
D:7:      gammafunk_steamed_eel, layout_gridville
D:8:      layout_cave_pods, serial_shops, shop, shop, enter_ossuary_3,
          minmay_radiant
Temple:   hellmonk_temple_of_storms

Skill      XL: |  1  2  3  4  5  6  7  8 |
---------------+-------------------------+-----
Fire Magic     | 3 4 5 6 7 |  7.6
Dodging        | 2 |  2.9
Conjurations   | 2 3 |  3.5
Spellcasting   | 3 4 5 |  5.2
Shields        | 1 2 |  2.8
Stealth        | |  1.7

Action                     |  1- 3 |  4- 6 |  7- 9 || total
---------------------------+-------+-------+-------++-------
  Melee: Whip              |    14 |       |       ||    14
         Punch             |     1 |     1 |       ||     2
         Mace              |     9 |     7 |     9 ||    25
         Headbutt          |       |     1 |     1 ||     2
   Cast: Foxfire           |    77 |    76 |    54 ||   207
         Scorch            |       |     5 |    44 ||    49
    Use: Scroll            |       |       |    10 ||    10
         Potion            |       |       |     5 ||     5
 Armour: Robe              |    17 |     9 |    10 ||    36
  Dodge: Dodged            |    52 |    16 |    46 ||   114
  Block: Other             |       |     5 |    13 ||    18
